Map: Thunderbird LE

Players

lIIllllIIlll (INnoVation)

  • Race: Terran Terran
  • Spawn Location: 11:00

Serral - Winner!

  • Race: Zerg Zerg
  • League: Grandmaster
  • Spawn Location: 5:00

Event: 2019 Assembly Summer

VOD

Have the link to the VOD?

Description

Time

  • Played on: Aug. 1, 2019, 7:06 a.m.
  • Length: 15:33

All games in this series

Show
View Real Time Build Order
Export as new Build Order

lIIllllIIlll Terran 

Build Orders: Reaper Expand, Hellion Banshee 

Get SALT Encoding   

  12  0:00  SCV  
  13  0:12  SCV  
  14  0:17  Supply Depot  
  14  0:24  SCV  
  15  0:38  SCV  
  15  0:41  Barracks  
  16  0:43  Refinery  
  16  0:50  SCV  
  17  1:02  SCV  
  18  1:14  SCV  
  19  1:27  Orbital Command  
  19  1:28  Reaper  
  20  1:38  Command Center  
  20  1:49  Supply Depot  
  20  1:53  SCV  
  21  2:00  Marine  
  22  2:05  SCV  
  22  2:07  Factory  
  23  2:11  Refinery  
  23  2:17  SCV  
  23  2:20  Barracks Reactor  
  24  2:29  SCV  
  25  2:41  SCV  
  25  2:44  Command Center  
  21  2:51  Hellion  
  21  2:53  SCV  
  22  2:59  Starport  
  22  3:05  SCV  
  23  3:18  SCV  
  23  3:19  Hellion x2  
  28  3:30  SCV  
  28  3:31  Supply Depot  
  28  3:36  Medivac  
  28  3:40  Hellion  
  30  3:42  SCV  
  30  3:44  Barracks Tech Lab  
  31  3:53  Hellion  
  31  3:54  SCV  
  34  3:56  Orbital Command  
  34  4:04  Hellion  
  34  4:07  SCV  
  37  4:12  Marine  
  37  4:14  Hellion  
  40  4:17  Cloaking Field, Orbital Command  
  40  4:21  SCV  
  41  4:27  Banshee  
  44  4:33  SCV  
  44  4:35  Barracks Tech Lab  
  45  4:43  SCV  
  45  4:45  SCV  
  47  4:46  Supply Depot  
  47  4:55  SCV  
  47  4:57  SCV  
  49  5:02  Stimpack  
  49  5:10  SCV x2  
  49  5:12  Banshee  
  49  5:14  Command Center  
  54  5:20  Marine  
  55  5:27  SCV x2  
  49  5:31  Factory Reactor  
  49  5:34  Barracks  
  49  5:35  Barracks  
  49  5:38  Marine  
  49  5:39  SCV x2  
  52  5:44  Engineering Bay x2  
  52  5:51  SCV x2  
  52  5:56  Marine, Refinery  
  55  5:59  Refinery  
  55  6:03  SCV x2  
  57  6:07  Supply Depot  
  57  6:09  Starport Reactor  
  57  6:11  Terran Infantry Weapons Level 1  
  57  6:13  Terran Infantry Armor Level 1  
  57  6:14  Marine  
  57  6:15  SCV x2  
  60  6:21  Marine x2  
  62  6:26  Orbital Command  
  62  6:27  Factory Reactor, SCV x2  
  62  6:30  Marine  
  62  6:32  Marine  
  66  6:39  SCV x2  
  68  6:41  Marine x3  
  68  6:43  Supply Depot  
  68  6:45  Medivac  
  68  6:46  Medivac  
  75  6:48  Marine  
  75  6:49  Marine  
  75  6:52  SCV  
  75  6:53  SCV x2  
  80  7:02  Barracks  
  80  7:03  Barracks  
  80  7:05  SCV x3  
  80  7:07  Widow Mine x2  
  80  7:08  Combat Shield  
  84  7:15  Factory  
  84  7:17  Armory  
  84  7:18  SCV  
  84  7:22  Supply Depot  
  85  7:26  Supply Depot  
  85  7:27  SCV  
  85  7:28  SCV  
  87  7:30  SCV  
  88  7:40  SCV x2  
  88  7:42  SCV  
  88  7:43  Marine x2  
  88  7:44  Marine x3  
  95  7:45  Widow Mine  
  95  7:47  Missile Turret  
  95  7:49  Supply Depot  
  95  7:50  Barracks Reactor  
  95  7:51  Barracks Reactor, Medivac  
  98  7:52  Medivac  
  98  7:56  SCV x3  
  98  7:58  Refinery  
  105  8:01  Refinery  
  101  8:08  Terran Infantry Weapons Level 2, SCV x3  
  101  8:10  Marine  
  101  8:11  Marine  
  101  8:12  Marine x3  
  109  8:14  Terran Infantry Armor Level 2  
  111  8:20  Widow Mine x2  
  111  8:26  SCV x3  
  116  8:27  Drilling Claws  
  116  8:28  Supply Depot x2  
  116  8:29  Marine  
  116  8:33  Marine x4  
  116  8:34  Marine  
  117  8:38  Widow Mine  
  117  8:39  Medivac  
  117  8:43  Supply Depot  
  117  8:44  Supply Depot  
  117  8:49  Marine x4  
  117  8:50  Medivac, Widow Mine x2  
  117  8:51  Marine  
  128  8:57  Command Center  
  128  9:01  Marine x3  
  131  9:03  Concussive Shells  
  131  9:06  Widow Mine  
  131  9:08  Marauder  
  133  9:11  Medivac  
  133  9:15  Supply Depot  
  133  9:16  Supply Depot  
  135  9:18  Marine x2  
  135  9:19  Marine  
  135  9:20  Medivac  
  135  9:23  Marine x4  
  144  9:29  Marauder, Widow Mine  
  148  9:34  Marine, Widow Mine x2  
  148  9:36  Marine x3  
  149  9:39  SCV x3  
  149  9:40  Marine  
  149  9:41  Marine  
  154  9:51  Widow Mine, SCV x3  
  157  9:53  Medivac x2  
  157  9:55  Widow Mine  
  157  9:56  Marine x2, Marauder  
  165  10:02  Marine  
  165  10:03  Marine  
  165  10:06  Marine  
  164  10:12  SCV x2  
  160  10:14  Widow Mine  
  160  10:15  Widow Mine  
  160  10:17  Marine x5, Widow Mine  
  160  10:18  Marauder  
  160  10:19  Marine  
  160  10:20  Marine  
  175  10:24  Marine  
  175  10:27  Medivac x2  
  175  10:28  Planetary Fortress  
  176  10:29  SCV x3  
  176  10:35  Marine  
  180  10:41  Widow Mine  
  180  10:47  Terran Infantry Weapons Level 3  
  180  10:49  Terran Infantry Armor Level 3  
  180  10:58  Marine  
  180  11:06  Supply Depot  
  180  11:07  Supply Depot  
  180  11:08  Supply Depot  
  180  11:10  Marine x2  
  180  11:11  Marine x2  
  180  11:12  Medivac, Widow Mine x2  
  180  11:13  Medivac, Widow Mine  
  180  11:16  Marine x3  
  180  11:17  Marine, Marauder  
  180  11:27  Marine x2  
  180  11:29  Marine  
  182  11:33  Terran Vehicle And Ship Armor Level 1, Widow Mine x2  
  182  11:34  Widow Mine  
  182  11:35  Barracks  
  187  11:42  Medivac  
  187  11:43  Marine x3, Medivac  
  187  11:44  Marine x2, Marauder  
  187  11:45  Marine x2, Barracks x2  
  190  11:47  Marine  
  191  11:54  Widow Mine  
  191  11:55  Widow Mine  
  191  11:56  Widow Mine  
  191  11:57  Starport  
  191  11:58  Starport  
  191  12:01  Marine, Fusion Core  
  186  12:15  Medivac  
  186  12:16  Medivac, Widow Mine  
  186  12:17  Widow Mine x2  
  186  12:21  Marine x3, Marauder  
  200  12:25  Ghost Academy  
  200  12:28  Refinery x2  
  200  12:29  Barracks Tech Lab  
  200  12:35  Barracks Tech Lab x2  
  200  12:36  Command Center  
  190  12:37  Widow Mine  
  167  12:54  Starport Tech Lab, Medivac x2  
  167  12:56  SCV x3  
  167  12:57  Marine x2, Marauder x2  
  167  12:58  Marine, Marauder x2  
  163  12:59  Marine x5  
  163  13:02  Starport Tech Lab  
  163  13:03  Starport Reactor, Liberator  
  168  13:08  SCV x2  
  168  13:09  Widow Mine x2, SCV  
  168  13:10  Liberator x2, Widow Mine  
  177  13:20  Advanced Ballistics, SCV x2  
  182  13:29  Marauder x2  
  182  13:30  Marauder  
  196  13:34  Marine x2, Marauder  
  196  13:39  Liberator, Widow Mine  
  198  13:42  Liberator  
  168  13:49  Liberator  
  168  13:51  Marauder x2  
  168  13:52  Marine x8, Marauder  
  171  13:56  Marauder  
  165  14:04  Liberator  
  165  14:09  Liberator  
  140  14:14  Marauder  
  135  14:26  Liberator  
  138  14:34  Widow Mine  
  128  14:39  Marine  
  128  14:40  Marauder x2  
  134  14:48  Marine, Marauder  
  113  15:04  Marauder x2  
  113  15:06  Marine x3  
Show
View Real Time Build Order
Export as new Build Order

Serral Zerg - Winner!

Build Orders: Pool First 

Get SALT Encoding   

  12  0:00  Drone  
  13  0:08  Drone  
  14  0:14  Extractor  
  14  0:15  Drone  
  14  0:31  Spawning Pool  
  14  0:35  Drone  
  14  0:44  Overlord  
  14  0:51  Drone, Extractor  
  15  1:03  Drone  
  16  1:18  Queen, Metabolic Boost  
  18  1:20  Zergling x2  
  18  1:23  Zergling x2  
  20  1:27  Zergling x2  
  20  1:31  Zergling x2  
  22  1:50  Hatchery  
  21  1:57  Overlord  
  21  2:02  Drone  
  22  2:14  Queen  
  24  2:17  Zergling x4  
  26  2:26  Drone x3  
  29  2:34  Drone  
  30  2:40  Overlord  
  29  2:50  Drone  
  30  2:59  Drone x3  
  33  3:06  Queen  
  33  3:08  Drone x2  
  37  3:18  Overlord  
  37  3:19  Drone  
  38  3:27  Drone x2  
  38  3:32  Drone x3  
  42  3:36  Drone  
  42  3:41  Hatchery  
  42  3:45  Drone x2  
  44  3:50  Queen  
  44  3:52  Drone  
  47  3:57  Overlord  
  47  4:02  Drone  
  48  4:09  Zergling x2  
  49  4:10  Overlord  
  49  4:11  Drone x2, Baneling Nest  
  49  4:14  Drone x2  
  52  4:18  Overlord  
  52  4:21  Zergling x2  
  52  4:23  Drone  
  54  4:29  Queen, Extractor  
  55  4:32  Zergling x4  
  55  4:36  Drone x3  
  60  4:39  Drone  
  60  4:44  Lair  
  61  4:47  Zergling x2  
  61  4:52  Queen  
  64  4:53  Drone, Overlord  
  64  4:54  Drone  
  64  5:04  Drone x4  
  68  5:08  Spore Crawler  
  68  5:10  Spore Crawler  
  68  5:12  Spore Crawler  
  59  5:21  Zergling x2  
  59  5:22  Zergling x8  
  59  5:24  Drone  
  63  5:30  Drone  
  63  5:31  Drone x3  
  63  5:34  Queen  
  69  5:43  Zergling x2  
  69  5:44  Drone x4  
  69  5:45  Drone x2  
  69  5:48  Overseer x2  
  76  5:53  Drone x2  
  76  5:56  Baneling x2  
  78  5:59  Zergling x4  
  78  6:00  Evolution Chamber, Extractor  
  78  6:01  Drone x2, Evolution Chamber  
  78  6:02  Drone  
  80  6:05  Drone  
  80  6:07  Extractor  
  80  6:14  Drone x2  
  80  6:16  Overlord  
  82  6:19  Overlord  
  82  6:20  Overlord  
  82  6:23  Hatchery  
  82  6:24  Centrifical Hooks  
  81  6:28  Drone  
  81  6:29  Extractor x2  
  81  6:32  Drone  
  81  6:35  Zerg Melee Weapons Level 1  
  81  6:36  Zerg Ground Armor Level 1, Drone x2  
  81  6:39  Drone x2  
  85  6:40  Drone  
  86  6:50  Drone x2, Queen  
  86  6:53  Spore Crawler, Drone x2  
  90  6:59  Drone x4  
  94  7:02  Drone x2  
  94  7:04  Drone x4  
  94  7:05  Drone  
  98  7:09  Drone  
  98  7:11  Hydralisk Den  
  98  7:17  Overlord x3  
  98  7:19  Overlord  
  98  7:22  Overlord  
  98  7:31  Baneling x7  
  98  7:33  Overlord  
  98  7:36  Zergling x12  
  104  7:39  Zergling x2  
  104  7:40  Zergling x2  
  104  7:44  Muscular Augments  
  106  7:46  Zergling x6  
  106  7:47  Infestation Pit, Zergling x4  
  110  7:53  Overseer  
  108  8:02  Drone x7  
  113  8:08  Zergling x4  
  113  8:12  Hatchery  
  114  8:13  Overlord x2  
  114  8:17  Overseer  
  114  8:18  Hydralisk x2, Pneumatized Carapace  
  118  8:27  Hydralisk x4  
  125  8:35  Hydralisk x5  
  135  8:45  Drone, Hive  
  135  8:47  Overlord x2  
  136  8:50  Baneling x4  
  136  8:51  Hydralisk x2, Baneling x4  
  136  8:52  Zergling x4  
  136  8:55  Grooved Spines  
  134  9:11  Zergling x24  
  146  9:21  Zergling x24  
  158  9:25  Zerg Melee Weapons Level 2  
  158  9:26  Zerg Ground Armor Level 2  
  158  9:29  Drone x3, Queen  
  163  9:36  Extractor  
  163  9:38  Drone x4  
  161  9:44  Zergling x6  
  164  9:49  Zergling x6  
  164  9:52  Zergling x4  
  163  10:05  Zergling x24  
  170  10:16  Ultralisk Cavern  
  170  10:17  Drone x2  
  170  10:19  Zergling x10  
  173  10:25  Drone x2  
  170  10:29  Zergling x8  
  170  10:33  Overlord x2  
  172  10:36  Overlord  
  172  10:38  Overlord  
  162  10:43  Baneling x16  
  162  10:45  Drone x4, Overlord  
  162  10:46  Drone  
  162  10:47  Overlord x2  
  167  10:52  Drone  
  167  10:53  Drone x4, Spine Crawler  
  167  10:55  Spore Crawler, Overseer  
  167  10:56  Drone x10  
  171  11:04  Zergling x18  
  177  11:05  Baneling x8  
  177  11:07  Zergling x2  
  177  11:08  Baneling  
  177  11:09  Baneling x3  
  177  11:15  Zergling x8  
  172  11:21  Chitinous Plating  
  172  11:23  Zergling x2  
  172  11:24  Zergling x10  
  173  11:33  Ultralisk x2, Zergling x2  
  173  11:37  Baneling x9  
  173  11:38  Baneling  
  176  11:44  Zergling x14  
  178  11:48  Baneling x6  
  178  11:56  Infestor x2  
  181  12:06  Zerg Melee Weapons Level 3, Zerg Ground Armor Level 3  
  174  12:10  Zergling x34  
  190  12:27  Zergling x20  
  200  12:33  Hatchery  
  199  12:51  Zergling x28  
  192  12:54  Overseer  
  187  13:01  Anabolic Synthesis  
  187  13:06  Spire  
  187  13:07  Zergling x26  
  199  13:28  Burrow  
  199  13:31  Baneling x6  
  197  13:48  Zergling x56  
  186  13:56  Ultralisk x2, Zergling x2  
  186  13:57  Zergling x2  
  190  14:06  Zergling x18  
  185  14:15  Hydralisk  
  185  14:16  Hydralisk x2, Zergling x4  
  185  14:17  Zergling x10  
  194  14:20  Greater Spire  
  194  14:22  Spire  
  194  14:23  Baneling x13  
  194  14:24  Baneling x15  
  191  14:28  Drone x2  
  173  14:40  Hydralisk  
  173  14:41  Hydralisk, Zergling x16  
  173  14:42  Zergling x8  
  176  14:47  Zergling x20  
  182  14:57  Zergling x24  
  179  15:04  Hydralisk  
Tags
 
Add a new tag
Caveats
  • Supply blocks, unpowered buildings, or Contaminate may cause inaccurate times.
  • Supply counts are checked every 10 seconds.